 Dungeon Crawl Stone Soup version 0.17.1-2-g5865329 (webtiles) character file.

46 Gargoyl the Skirmisher (level 3, -3/29 HPs)
             Began as a Demonspawn Abyssal Knight on Feb 16, 2016.
             Was a Follower of Lugonu.
             Slain by an orc wizard
             ... wielding a +0 dagger of electrocution
              (12 damage)
             ... on level 2 of the Dungeon.
             The game lasted 00:03:18 (2154 turns).

Gargoyl the Skirmisher (Demonspawn Abyssal Knight)  Turns: 2154, Time: 00:03:18

Health: -3/29      AC:  5    Str: 13    XL:     3   Next: 44%
Magic:  0/5        EV: 10    Int: 13    God:    Lugonu [*.....]
Gold:   60         SH:  0    Dex: 12    Spells: 0 memorised, 2 levels left

rFire  . . .     SeeInvis .     a - +1 hand axe
rCold  . . .     Clarity  .     p - +0 ring mail
rNeg   . . .     SustAt   .     (no shield)
rPois  .         Gourm    +     (no helmet)
rElec  .         Spirit   +     (no cloak)
rCorr  .         Warding  .     (no gloves)
rMut   .         Stasis   .     (no boots)
MR     .....                    g - amulet of the gourmand
Stlth  ++........               (no ring)
                                (no ring)

@: not resistant to hostile enchantments, unstealthy
A: nightstalker 1, magic shield
a: Depart the Abyss, Renounce Religion


You were on level 2 of the Dungeon.
You worshipped Lugonu.
Lugonu was aware of your devotion.
You were not hungry.

You visited 1 branch of the dungeon, and saw 3 of its levels.
You visited the Abyss 1 time.

You collected 60 gold pieces.

Inventory:

Hand Weapons
 a - a +1 hand axe (weapon)
 q - a +0 flail
Missiles
 j - 5 tomahawks (quivered)
Armour
 p - a +0 ring mail (worn)
Jewellery
 g - an amulet of the gourmand (around neck)
Wands
 b - a wand of flame (21)
 i - a wand of random effects (29)
 o - a wand of magic darts (17)
Scrolls
 h - 3 scrolls of identify {unknown}
 k - a scroll of immolation {unknown}
 n - a scroll of amnesia {unknown}
Potions
 d - a potion of heal wounds
 e - 2 potions of lignification {unknown}
 f - a potion of degeneration {unknown}
 m - a potion of haste {unknown}
Comestibles
 c - a bread ration
 l - a meat ration


   Skills:
 + Level 3.5 Fighting
 + Level 1.9 Axes
 + Level 2.2 Armour
 + Level 1.5 Dodging
 + Level 0.2 Stealth
 + Level 2.8 Invocations


You had 2 spell levels left.
You didn't know any spells.

Dungeon Overview and Level Annotations

Branches:
Dungeon (3/15)

Altars:


Innate Abilities, Weirdness & Mutations

You are slightly more attuned to the shadows.
When hurt, damage is shared between your health and your magic reserves.


Message History

The quokka barely misses you.
Drink which item? (? for menu, Esc to quit)
It was a potion of heal wounds.
You feel much better. The orc wizard barely misses you.
The quokka closely misses you.
Your ring mail prevents you from hitting the quokka.
The quokka is severely wounded.
You barely miss the orc wizard. The quokka barely misses you.
The orc wizard hits you but does no damage.
The quokka bites you.
Unknown command.
You barely miss the quokka.
The quokka is severely wounded.
You barely miss the orc wizard.
The orc wizard hits you but does no damage.
You are electrocuted!
Ouch! That really hurt!
The quokka bites you but does no damage.
The orc wizard hits you but does no damage.
You are electrocuted!
You die...

..........# #.#..### ###
...<......# #.##...###.#
.....)....# #.####..##.#
..........###.# ###....# ######
...........##.# #.<....# ##.....
.........#....# #..##.#####......
.#.....#..##..###..##....#.(.....
####.#.........##..####.......†..
####...###......@[............††.
................ro##.............
#####.##.####.#..#########.....).
#....####......## ##......
####......####..# #.......
###....# ##.## #....... ##..#.#
#..## #....... ##.....# ##..#
#.......
#...#..#######.####.......


You could see an orc wizard and a quokka.

Vanquished Creatures
  An adder (D:2)
  An ooze (D:2)
  A worm (D:2)
  An orc (D:2)
  5 bats (D:2)
  2 giant cockroaches (D:1)
  5 hobgoblins
  2 kobolds
  3 ball pythons
  2 giant newts (D:2)
  4 goblins
  A rat (D:2)
28 creatures vanquished.

Vanquished Creatures (others)
  A small abomination (Abyss:1)
1 creature vanquished.

Grand Total: 29 creatures vanquished

Notes
Turn   | Place    | Note
--------------------------------------------------------------
     0 | Abyss:1  | Gargoyl the Demonspawn Abyssal Knight began the quest for the Orb.
     0 | Abyss:1  | Reached XP level 1. HP: 18/18 MP: 2/2
    68 | Abyss:1  | Found a corrupted altar of Lugonu.
   118 | Abyss:1  | Found a snail-covered altar of Cheibriados.
   147 | Abyss:1  | Found a corrupted altar of Lugonu.
   203 | Abyss:1  | Killed a small abomination
   225 | Abyss:1  | Noticed a wretched star
   225 | D:1      | Escaped the Abyss
   568 | D:1      | Reached skill level 1 in Dodging
   575 | D:1      | Gained mutation: You are slightly more attuned to the shadows. [demonic ancestry]
   575 | D:1      | Reached XP level 2. HP: 20/24 MP: 3/3
  1267 | D:2      | Gained mutation: When hurt, damage is shared between your health and your magic reserves. [demonic ancestry]
  1267 | D:2      | Reached XP level 3. HP: 9/29 MP: 5/5
  1478 | D:2      | Reached * piety under Lugonu
  2154 | D:2      | Slain by an orc wizard

Action                   || total
-------------------------++-------
Melee: Hand axe          ||   107
Invok: Depart the Abyss  ||     1
  Use: Potion            ||     1
 Stab: Sleeping          ||     1
  Eat: Chunk             ||     2
       Bread ration      ||     1
